 Dungeon Crawl Stone Soup version 0.18-a0-1035-g72c9994 (webtiles) character file.

1421 4thArraOfDagon the Skirmisher (level 8, 0/103 HPs)
             Began as a Centaur Air Elementalist on Jan 9, 2016.
             Was a Believer of Yredelemnul.
             Slain by an ice beast (14 damage)
             ... on level 9 of the Dungeon.
             The game lasted 00:22:56 (3065 turns).

4thArraOfDagon the Skirmisher (CeAE)                Turns: 3065, Time: 00:22:56

Health: 0/103      AC: 24    Str: 11    XL:     8   Next: 44%
Magic:  20/20      EV:  1    Int: 18    God:    Yredelemnul [**....]
Gold:   162        SH:  0    Dex: -4 (6) Spells: 4 memorised, 3 levels left

rFire  + . .     SeeInvis .     g - +9 hand axe "Esho Ips" {freeze, rElec MR+ Int+2 Dex-4}
rCold  . . .     Gourm    .     (armour currently unavailable)
rNeg   + + +     Faith    .     (no shield)
rPois  +         Spirit   .     (helmet currently unavailable)
rElec  +         Dismiss  .     (cloak currently unavailable)
rCorr  .         Reflect  .     (gloves currently unavailable)
SustAt .         Harm     .     (no barding)
MR     +....     NoTele   +     (no amulet)
Stlth  ..........               k - ring of protection from fire
                                h - ring of magical power

@: tree-form, slowed, lost dexterity, repel missiles, very slow, somewhat
resistant to hostile enchantments, extremely unstealthy
A: (hooves 0), (deformed body), (speed 0), (tough skin 0)
a: Animate Remains, Recall Undead Slaves, Injury Mirror, Renounce Religion


You were on level 9 of the Dungeon.
You worshipped Yredelemnul.
Yredelemnul was pleased with you.
You were not hungry.
You were a tree.
You visited 1 branch of the dungeon, and saw 9 of its levels.

You collected 162 gold pieces.

Inventory:

Hand Weapons
 g - the +9 hand axe "Esho Ips" (weapon) {freeze, rElec MR+ Int+2 Dex-4}
   (You found it on level 7 of the Dungeon)

   It has been specially enchanted to freeze those struck by it, causing extra
   injury to most foes and up to half again as much damage against particularly
   susceptible opponents.
   It can also slow down cold-blooded creatures.
   It affects your intelligence (+2).
   It affects your dexterity (-4).
   It insulates you from electricity.
   It affects your resistance to hostile enchantments.
 G - a +1 war axe
Armour
 a - a +0 robe
 m - a +1 leather armour (melded)
Jewellery
 h - a ring of magical power (left branch)
 k - a ring of protection from fire (right branch)
Wands
 i - a wand of flame (19/48)
 s - a wand of polymorph (14/24)
 v - a wand of cold (0/15)
Scrolls
 e - a scroll of noise
 t - a scroll of enchant armour
 u - a scroll of fog {unknown}
 E - 2 scrolls of amnesia {unknown}
 F - a scroll of remove curse {unknown}
Potions
 l - a potion of haste {unknown}
 n - a potion of curing {unknown}
 o - a potion of invisibility {unknown}
 p - a potion of might {unknown}
 w - a potion of flight {unknown}
 x - a potion of agility
 A - a potion of brilliance
 B - a potion of cancellation
 C - a potion of berserk rage {unknown}
Books
 b - a book of Air

   Spells                             Type                      Level
   a - Shock                          Conjuration/Air              1
   b - Swiftness                      Charms/Air                   2
   c - Repel Missiles                 Charms/Air                   2
   d - Static Discharge               Conjuration/Air              3
   e - Lightning Bolt                 Conjuration/Air              5
Comestibles
 c - 4 bread rations
 d - 2 chunks of flesh
 j - a meat ration
 z - 5 fruits
 D - a slice of pizza


   Skills:
 - Level 5.4 Fighting
   Level 3.5 Long Blades
 * Level 4.2 Axes
 - Level 1.3 Dodging
 - Level 1.2 Stealth
 - Level 2.1 Spellcasting
 - Level 2.6 Conjurations
 - Level 3.6 Air Magic
 - Level 4.0 Invocations


You had 3 spell levels left.
You knew the following spells:

 Your Spells              Type           Power        Failure   Level  Hunger
a - Shock                 Conj/Air       ##..         6%          1    #......
b - Repel Missiles        Chrm/Air       #.....       14%         2    ###....
c - Swiftness             Chrm/Air       #.......     14%         2    ###....
d - Static Discharge      Conj/Air       ##......     17%         3    ###....


Dungeon Overview and Level Annotations

Branches:
Dungeon (9/15)             Temple (0/1) D:7
   Lair: D:8-11         Orc: D:9-12

Altars:
Cheibriados
Dithmenos
Elyvilon
Gozag
Okawaru
Pakellas
Ru
Vehumet
Xom
Yredelemnul
Zin

Shops:
D:7 :

Annotations:
D:2 Natasha
D:3 cireshan's ghost, amateur HECj
D:5 Menkaure; cireshan's ghost, amateur HECj
D:7 4thArraOfDagon's ghost, weakling CeAE


Innate Abilities, Weirdness & Mutations

((You have hooves in place of feet.))
((Armour fits poorly on your strangely shaped body.))
((You cover ground very quickly.))
((You have extremely tough skin (AC +3).))


Message History

You hear some strange, mumbled words.
You hit the ice beast.
The ice beast is severely wounded.
You barely miss the orc priest.
The orc priest is heavily wounded.
The orc priest looks braver for a moment.
The ice beast hits you but does no damage.
The orc priest hits you but does no damage.
The ice beast hits you but does no damage.
Unknown command.
You hit the ice beast but do no damage.
The ice beast is severely wounded.
You closely miss the orc priest.
The orc priest is heavily wounded.
The orc priest invokes the aid of Beogh against you.
You resist with some effort. The ice beast hits you.
* * * LOW HITPOINT WARNING * * *
The ice beast freezes you!
You die...
Your body rises from the dead as a mindless zombie.

#...........#..## ....
#.........[.##..##..Y..
#.......o...###o.Y.o..>
#...........# ####.....
#....(.o....# ....
#####'####### ###
#.o..# #########'###
#......♣Y{..#
#.......o...+
#...........#
#...........#
#<..........#
#...........#
#>..........#
#.....[.....#
#########+###


You could see an ice beast and an orc priest.

Vanquished Creatures
  Sigmund (D:6)
  An ogre (D:6)
  2 centaurs
  3 giant frogs
  2 scorpions
  4 crimson imps
  A giant frog zombie (D:5)
  A quasit (D:9)
  3 orc wizards
  3 orc priests (D:6)
  A gnoll shaman (D:6)
  A giant frog skeleton (D:7)
  An iguana (D:5)
  5 worker ants
  6 gnolls (D:6)
  5 adders
  An ooze (D:3)
  3 giant geckos
  11 orcs
  4 bats
  A giant cockroach (D:4)
  A goblin (D:1)
  6 hobgoblins
  9 jackals
  A quokka (D:7)
  A giant gecko skeleton (D:5)
  A giant newt (D:2)
  4 kobolds
  A rat (D:3)
84 creatures vanquished.

Notes
Turn   | Place    | Note
--------------------------------------------------------------
     0 | D:1      | 4thArraOfDagon the Centaur Air Elementalist began the quest for the Orb.
     0 | D:1      | Reached XP level 1. HP: 14/14 MP: 3/3
    17 | D:1      | Reached skill level 1 in Conjurations
    93 | D:1      | Reached skill level 3 in Air Magic
   107 | D:1      | Reached XP level 2. HP: 20/20 MP: 4/4
   113 | D:1      | Learned a level 2 spell: Repel Missiles
   130 | D:2      | Found a faded altar to an unknown god.
   174 | D:2      | Noticed Natasha
   223 | D:3      | Found a white marble altar of Elyvilon.
   224 | D:3      | Found a basalt altar of Yredelemnul.
   225 | D:3      | Found a glowing silver altar of Zin.
   235 | D:3      | Found a snail-covered altar of Cheibriados.
   239 | D:3      | Became a worshipper of Yredelemnul the Dark
   337 | D:3      | Found an opulent altar of Gozag.
   352 | D:3      | Gruud: Going for yred highscores, or have you just taken a fancy to him?
   367 | D:3      | Noticed cireshan's ghost (amateur HECj)
   387 | D:2      | 4thArraOfDagon: i want blacktaur title :)
   388 | D:2      | 4thArraOfDagon: i mainly taking him just for title
   429 | D:2      | 4thArraOfDagon: and boost some confidence
   429 | D:2      | 4thArraOfDagon: that i can win crappy combos again
   429 | D:2      | 4thArraOfDagon: :-)
   493 | D:2      | Gruud: Always good to practice, hope I won't learn any bad habbits by watching though :) Good luck!
   493 | D:2      | Reached XP level 3. HP: 19/26 MP: 5/5
   586 | D:3      | 4thArraOfDagon: i will try to win tis
   586 | D:3      | 4thArraOfDagon: no matter what
   610 | D:3      | 4thArraOfDagon: so dont expect fireworks :)
   701 | D:4      | Noticed a phantom
   707 | D:5      | Entered Level 5 of the Dungeon
   715 | D:5      | Noticed a sky beast
   853 | D:3      | Noticed a giant frog
   861 | D:3      | Killed a giant frog
   861 | D:3      | Reached XP level 4. HP: 17/33 MP: 7/7
  1045 | D:4      | Reached * piety under Yredelemnul
  1141 | D:4      | Reached skill level 1 in Invocations
  1141 | D:4      | Reached XP level 5. HP: 36/39 MP: 8/8
  1187 | D:4      | 4thArraOfDagon: its bit laggy for me today
  1204 | D:4      | Reached skill level 1 in Fighting
  1260 | D:5      | Noticed Menkaure
  1380 | D:5      | Learned a level 2 spell: Swiftness
  1384 | D:5      | Learned a level 3 spell: Static Discharge
  1510 | D:5      | Noticed cireshan's ghost (amateur HECj)
  1522 | D:5      | Found an oddly glowing altar of Pakellas.
  1587 | D:6      | Found a radiant altar of Vehumet.
  1682 | D:6      | Reached XP level 6. HP: 47/50 MP: 9/9
  1715 | D:6      | ok
  1726 | D:6      | Reached skill level 1 in Long Blades
  1734 | D:6      | Found a shimmering altar of Xom.
  1745 | D:6      | Noticed Sigmund
  1747 | D:6      | Killed Sigmund
  1759 | D:6      | Reached XP level 7. HP: 58/58 MP: 10/10
  1763 | D:6      | aha ok
  1804 | D:6      | Reached skill level 4 in Fighting
  1919 | D:7      | Reached skill level 5 in Fighting
  2075 | D:7      | Found a staircase to the Ecumenical Temple.
  2141 | D:7      | Noticed 4thArraOfDagon's ghost (weakling CeAE)
  2151 | D:7      | Found an iron altar of Okawaru.
  2156 | D:7      | Got a steaming hand axe
  2201 | D:6      | Identified the +9 hand axe "Esho Ips" {freeze, rElec MR+ Int+2 Dex-4} (You found it on level 7 of the Dungeon)
  2202 | D:6      | aha ok
  2249 | D:5      | Reached XP level 8. HP: 55/69 MP: 11/11
  2288 | D:6      | Reached skill level 1 in Axes
  2532 | D:7      | Found Yguesule's Book Boutique.
  2579 | D:7      | Reached ** piety under Yredelemnul
  2671 | D:7      | Found a sacrificial altar of Ru.
  2672 | D:7      | Found a shadowy altar of Dithmenos.
  2934 | D:9      | Lost dexterity.
  3065 | D:9      | Slain by an ice beast

Vault maps used:
D:1:      erik_arrival_blinker_ship
D:2:      ecumenical_altar_2, patterned_corridor, uniq_natasha
D:3:      nicolae_overflow_quartered_altars, nicolae_overflow_crystal_walls,
          uniq_crazy_yiuf_cottage
D:5:      overflow_temple_1_default, grunt_temple_overflow_open, first_bread,
          water_boxes_lemuel, uniq_menkaure
D:6:      kennysheep_little_box, basic_altar, uniq_sigmund
D:7:      lemuel_round_altar, okawaru_gym_becter,
          nicolae_overflow_hidden_temple, minmay_temple_entry_metal_lava,
          nicolae_ossuary_entry_monument, serial_shops, shop,
          minmay_tree_intersection
D:8:      kennysheep_mini_moat, hangedman_ranch, kennysheep_opposing_triangles,
          uniq_erica
D:9:      grunt_lair_entry_orc_guard_hut, erik_orc_2, basic_altar

Action                   |  1- 3 |  4- 6 |  7- 9 || total
-------------------------+-------+-------+-------++-------
Melee: Mace              |    24 |       |       ||    24
       Spear             |    24 |    10 |       ||    34
       War axe           |       |     8 |     1 ||     9
       Hand axe          |       |       |    60 ||    60
 Cast: Shock             |    38 |    39 |    88 ||   165
       Repel Missiles    |     1 |       |     1 ||     2
Evoke: Wand              |     7 |     6 |    11 ||    24
  Use: Scroll            |     4 |     5 |     4 ||    13
       Potion            |       |       |     2 ||     2
  Eat: Chunk             |       |     4 |     5 ||     9
